 Dungeon Crawl Stone Soup version 0.22.0-49-gab54619 (webtiles) character file.

74 Starchild the Slasher (level 4, -3/38 HPs)
             Began as a Draconian Monk on Sept 6, 2018.
             Slain by Grinder (5 damage)
             ... on level 3 of the Dungeon.
             The game lasted 00:03:34 (1548 turns).

Starchild the Slasher (Draconian Monk)              Turns: 1548, Time: 00:03:35

Health: -3/38      AC:  5    Str: 12 (14) XL:     4   Next: 10%
Magic:  4/4        EV: 12    Int: 10 (11) God:
Gold:   86         SH:  0    Dex: 11 (13) Spells: 3/3 levels left

rFire    . . .     SeeInvis .   a - +0 falchion
rCold    . . .     Gourm    .   (no shield)
rNeg     . . .     Faith    .   (armour unavailable)
rPois    .         Spirit   .   (helmet restricted)
rElec    .         Reflect  .   (no cloak)
rCorr    .         Harm     .   (no gloves)
MR       +....                  (no boots)
Stlth    ++........             (no amulet)
HPRegen  0.12/turn              l - ring of protection from magic
MPRegen  0.09/turn              (no ring)

@: very slightly contaminated, invisible
A: unfitting armour, cold-blooded, AC +5
a: no special abilities


You were on level 3 of the Dungeon.
You were not hungry.

You visited 1 branch of the dungeon, and saw 3 of its levels.

You collected 86 gold pieces.

Inventory:

Hand Weapons
 a - a +0 falchion (weapon)
Missiles
 d - 60 stones (quivered)
Jewellery
 l - a ring of protection from magic (left hand)
Scrolls
 c - a scroll of random uselessness {unknown}
 f - 2 scrolls of identify {unknown}
 g - a scroll of fear {unknown}
 h - 2 scrolls of remove curse {unknown}
 k - a scroll of blinking {unknown}
 m - a scroll of magic mapping {unknown}
Potions
 e - a potion of degeneration
 j - 2 potions of lignification
Comestibles
 b - 4 rations


   Skills:
 - Level 3.2 Fighting
 + Level 5.0 Long Blades
 - Level 2.6 Dodging
 - Level 1.7 Stealth


You had 3 spell levels left.
You didn't know any spells.
Your spell library was empty.

Dungeon Overview and Level Annotations

Branches:
Dungeon (3/15)

Altars:

Annotations:
D:3 Grinder


Innate Abilities, Weirdness & Mutations

Your plain brown scales are hard. (AC +5)
You cannot fit into any form of body armour.
You are cold-blooded and may be slowed by cold attacks.


Message History

You easily resist.
You hit Grinder.
Grinder is severely wounded.
Grinder gestures at you. You resist with some effort.
You barely miss Grinder.
Grinder is severely wounded.
Grinder barely misses you.
You hit Grinder.
Grinder is almost dead.
Grinder closely misses you.
You hit Grinder but do no damage.
You tail-slap Grinder, but do no damage.
Grinder is almost dead.
Grinder gestures at you.
You easily resist.
You closely miss Grinder. You tail-slap Grinder.
Grinder is almost dead.
Grinder hits you.
You die...

#.... #.... #.... #....
..#.... ..5....####
#)..# #...# #@..# #5..#
#...## ##....#######
##.....#.<...##
#########.(...........##
.......................#
########..((...........#
#...............#


You could see Grinder.

Vanquished Creatures
  3 adders (D:2)
  A worm (D:2)
  A dart slug (D:2)
  2 leopard geckos (D:1)
  2 ball pythons (D:1)
  4 giant cockroaches
  4 goblins
  5 hobgoblins
  4 jackals (D:2)
  4 bats
  3 kobolds
  4 rats
37 creatures vanquished.

Notes
Turn   | Place    | Note
-------+----------+-------------------------------------------
     0 | D:1      | Starchild the Draconian Monk began the quest for the Orb.
     0 | D:1      | Reached XP level 1. HP: 19/19 MP: 1/1
   176 | D:1      | Reached XP level 2. HP: 16/26 MP: 2/2
   392 | D:1      | Reached skill level 4 in Long Blades
   798 | D:2      | Reached XP level 3. HP: 27/31 MP: 3/3
  1125 | D:2      | Reached XP level 4. HP: 38/38 MP: 4/4
  1352 | D:2      | Reached skill level 5 in Long Blades
  1499 | D:3      | Noticed Grinder
  1510 | D:3      | Paralysed by Grinder for 5 turns
  1530 | D:3      | HP: 2/57 [Grinder (5)]
  1539 | D:3      | HP: 2/57 [Grinder (2)]
  1548 | D:3      | Slain by Grinder

Skill      XL: |  1  2  3  4 |
---------------+-------------+-----
Long Blades    | 4 5 |  5.0
Fighting       | |  3.2
Dodging        | |  2.6
Stealth        | |  1.7

Action                   |  1- 3 |  4- 6 || total
-------------------------+-------+-------++-------
Melee: Falchion          |   100 |    46 ||   146
       Tailslap          |     9 |     5 ||    14
Throw: Stone             |       |     5 ||     5
  Use: Potion            |       |     4 ||     4
 Stab: Sleeping          |     3 |     1 ||     4
  Eat: Chunk             |     1 |     1 ||     2
Armor: Skin              |    26 |    17 ||    43
Dodge: Dodged            |    88 |    20 ||   108
       Rpst.: Falchion   |    32 |     6 ||    38
